 Dungeon Crawl Stone Soup version 0.25.1-1-g288607f (webtiles) character file.

Game seed: 556410245988007897

13970 DeathBeforeDecaf the Blocker (level 11, -27/104 HPs)
             Began as a Deep Dwarf Fighter on Sept 11, 2020.
             Was a Believer of Makhleb.
             Annihilated by a white ugly thing (28 damage)
             ... on level 12 of the Dungeon.
             The game lasted 00:49:21 (9230 turns).

DeathBeforeDecaf the Blocker (Deep Dwarf Fighter)   Turns: 9230, Time: 00:49:22

Health: -27/104    AC: 20    Str: 23    XL:     11   Next: 82%
Magic:  0/0        EV: 18    Int:  5    God:    Makhleb [**....]
Gold:   213        SH: 14    Dex: 20    Spells: 10/10 levels left

rFire    . . .     SeeInvis .   a - +0 war axe
rCold    . . .     Gourm    .   c - +1 kite shield
rNeg     . . .     Faith    .   U - +1 leather armour of the Circus Animal {MR+} (curse)
rPois    .         Spirit   .   x - +2 helmet
rElec    .         Reflect  .   s - +1 cloak
rCorr    .         Harm     .   m - +1 pair of gloves
MR       ++...                  O - +1 pair of boots
Stlth    ++........             (no amulet)
HPRegen  0.00/turn              h - +4 ring of protection
MPRegen  0.07/turn              R - ring of Light {*Slow Str+3 Int-4 Dex+5}

@: non-regenerating
A: damage resistance, heal wounds, sense surroundings 2, no regeneration
a: Heal Wounds, Minor Destruction, Renounce Religion


You were on level 12 of the Dungeon.
You worshipped Makhleb.
Makhleb was pleased with you.
You were hungry.

You visited 2 branches of the dungeon, and saw 13 of its levels.

You collected 569 gold pieces.
You spent 356 gold pieces at shops.

Inventory:

Hand Weapons
 a - a +0 war axe (weapon)
 z - a +0 battleaxe
 K - a +0 shortbow
Missiles
 n - 95 sling bullets
 L - 156 arrows
Armour
 c - a +1 kite shield (worn)
 m - a +1 pair of gloves (worn)
 s - a +1 cloak (worn)
 x - a +2 helmet (worn)
 O - a +1 pair of boots (worn)
 U - the cursed +1 leather armour of the Circus Animal (worn) {MR+}
   (You found it on level 11 of the Dungeon)

   It affects your resistance to hostile enchantments.
   It has a curse placed upon it.
Jewellery
 h - a +4 ring of protection (left hand)
 j - a +4 ring of protection
 o - a +6 ring of intelligence
 F - an uncursed ring of poison resistance
 M - an uncursed ring of see invisible
 R - the ring of Light (right hand) {*Slow Str+3 Int-4 Dex+5}
   (You found it on level 7 of the Dungeon)

   [ring of intelligence]

   It affects your strength (+3).
   It affects your intelligence (-4).
   It affects your dexterity (+5).
   It may slow you when you take damage.
 T - an uncursed ring of protection from cold
 V - an uncursed ring of protection from cold
Wands
 g - a wand of paralysis (6)
 p - a wand of clouds (3)
 H - a wand of polymorph (12)
 J - a wand of iceblast (17)
 Q - a wand of digging (7)
 S - a wand of flame (19)
Scrolls
 b - a scroll of blinking
 l - a scroll of enchant weapon
 q - a scroll of fear {unknown}
 r - 5 scrolls of remove curse
 t - 9 scrolls of teleportation
 v - a scroll of enchant armour
 y - 2 scrolls of fog
 A - 4 scrolls of identify
 C - 2 scrolls of amnesia {unknown}
 I - 2 scrolls of immolation {unknown}
 P - 2 scrolls of vulnerability {unknown}
Potions
 d - a potion of heal wounds
 e - 5 potions of flight
 k - a potion of stabbing
 u - 4 potions of brilliance
 w - 2 potions of curing
 D - 3 potions of berserk rage
 E - 3 potions of mutation
 G - a potion of lignification
 N - a potion of resistance
 X - a potion of haste
 Z - a potion of ambrosia
Miscellaneous
 W - a lightning rod (4/4)
Comestibles
 f - 23 rations


   Skills:
 + Level 8.5 Fighting
 + Level 9.7 Axes
 + Level 10.0 Armour
 + Level 9.4 Dodging
 + Level 10.1 Shields


You had 10 spell levels left.
You didn't know any spells.
Your spell library contained the following spells:

 Spells                   Type           Power        Failure   Level  Hunger
 Animate Skeleton         Necr           N/A          75%         1    ##.....
 Foxfire                  Conj/Fire      #...         75%         1    ##.....
 Magic Dart               Conj           #...         75%         1    ##.....
 Pain                     Necr           #...         75%         1    ##.....
 Summon Small Mammal      Summ           #...         75%         1    ##.....
 Call Imp                 Summ           #.......     86%         2    ###....
 Searing Ray              Conj           #.....       86%         2    ###....
 Call Canine Familiar     Summ           #.......     98%         3    ####...
 Conjure Flame            Conj/Fire      #.......     98%         3    ####...
 Dazzling Flash           Conj/Hex       #.....       98%         3    ####...
 Inner Flame              Hex/Fire       #.......     98%         3    ####...
 Summon Guardian Golem    Hex/Summ       #.......     98%         3    ####...
 Vampiric Draining        Necr           #.........   98%         3    ####...
 Animate Dead             Necr           N/A          100%        4    #####..
 Fulminant Prism          Conj/Hex       #.........   100%        4    #####..
 Iskenderun's Mystic Bla  Conj/Tloc      #.......     100%        4    #####..
 Sticky Flame             Conj/Fire      #.......     100%        4    #####..
 Summon Ice Beast         Ice/Summ       #.......     100%        4    #####..
 Summon Lightning Spire   Summ/Air       #.......     100%        4    #####..
 Agony                    Necr           #.......     100%        5    ######.
 Fireball                 Conj/Fire      #.........   100%        5    ######.


Dungeon Overview and Level Annotations

Branches:
Dungeon (12/15)            Temple (1/1) D:4            Lair (0/6) D:9
    Orc (0/2) D:10

Altars:
Ashenzari
Cheibriados
Dithmenos
Elyvilon
Fedhas
Gozag
Hepliaklqana
Kikubaaqudgha
Makhleb
Nemelex Xobeh
Okawaru
Qazlal
Ru
Sif Muna
Trog
Uskayaw
Vehumet
Wu Jian
Xom
Yredelemnul
Zin
The Shining One

Shops:
D:6 *   D:9 %   D:11 ([(?


Innate Abilities, Weirdness & Mutations

You are resistant to damage.
You can heal yourself by infusing magical energy.
You passively map the area around you.
You do not regenerate.


Message History

The white ugly thing is lightly wounded.
The white ugly thing headbutts you but does no damage.
You barely miss the white ugly thing.
The white ugly thing is lightly wounded.
The white ugly thing headbutts you. The white ugly thing freezes you!
* * * LOW HITPOINT WARNING * * *
You hit the white ugly thing.
The white ugly thing is lightly wounded.
You block the white ugly thing's attack.
You hit the white ugly thing.
The white ugly thing is moderately wounded.
You are feeling hungry.
You block the white ugly thing's attack.
You completely miss the white ugly thing.
The white ugly thing is moderately wounded.
The white ugly thing headbutts you but does no damage.
You closely miss the white ugly thing.
The white ugly thing is moderately wounded.
The white ugly thing headbutts you. The white ugly thing freezes you!!
You die...

, , , , * , , *
* . # * , , ,
##., .# * * , ,
#..*#. , * *
#.##.,,, ,, * ,
##.#. , * * * *
#,#* ... * * *
###.#.,#.#* ,**
* ......##@# ,
,* * .....oY#u#
, , , ** *
....o..YY# ,
.......oY......
, * *
........####...
* * ........# .
* ,........# ,
* * .......## ,
....... * ,*


You could see a white ugly thing, 3 yaks and an orc.

Vanquished Creatures
  3 two-headed ogres
  Pikel (D:5)
  An ugly thing (D:11)
  An elephant (D:9)
  A gargoyle (D:10)
  4 trolls
  Prince Ribbit (D:5)
  A hippogriff (D:11)
  Sigmund (D:3)
  2 hogs (D:7)
  14 yaks
  A hungry ghost (D:6)
  3 basilisks
  2 steam dragons
  A human (D:7)
  Menkaure (D:7)
  An acid dragon (D:11)
  2 water moccasins
  3 sky beasts
  2 orc warriors (D:10)
  An ice beast (D:7)
  A black bear (D:8)
  2 phantoms
  12 ogres
  A necrophage (D:5)
  5 centaurs
  7 big kobolds
  A gnoll sergeant (D:10)
  9 bullfrogs
  2 scorpions
  A wyvern skeleton (D:10)
  6 killer bees (D:8)
  3 howler monkeys (D:7)
  7 crimson imps
  Crazy Yiuf (D:2)
  3 hounds
  4 bullfrog skeletons
  6 orc priests
  4 jellies
  9 orc wizards
  A centaur skeleton (D:4)
  Ijyb (D:3)
  5 iguanas
  11 worker ants
  Terence (D:2)
  A killer bee zombie (D:8)
  A hound zombie (D:9)
  A hound skeleton (D:8)
  2 worker ant zombies
  10 adders
  4 gnolls (D:10)
  3 shadow imps
  2 oozes
  An adder zombie (D:9)
  3 adder skeletons
  2 worms
  3 leopard geckos
  34 orcs
  4 giant cockroaches
  6 goblins
  9 hobgoblins
  9 jackals
  3 quokkas
  3 ball pythons
  5 bats
  2 frilled lizards
  14 kobolds
  2 leopard gecko skeletons
  2 quokka skeletons
  4 rats
280 creatures vanquished.

Vanquished Creatures (others)
  A sky beast (D:8)
  A leopard gecko (D:5)
  A leopard gecko skeleton (D:8)
3 creatures vanquished.

Grand Total: 283 creatures vanquished

Notes
Turn   | Place    | Note
-------+----------+-------------------------------------------
     0 | D:1      | DeathBeforeDecaf the Deep Dwarf Fighter began the quest for
                  | the Orb.
     0 | D:1      | Reached XP level 1. HP: 20/20 MP: 1/1
   343 | D:1      | Reached XP level 2. HP: 22/27 MP: 2/2
   684 | D:2      | Noticed Terence
   693 | D:2      | Reached skill level 1 in Dodging
   696 | D:2      | Killed Terence
   696 | D:2      | Reached XP level 3. HP: 18/34 MP: 3/3
   709 | D:2      | You fall into a shaft and drop 2 floors!
   750 | D:3      | Found a sacrificial altar of Ru.
   752 | D:3      | Noticed Ijyb
   762 | D:3      | Paralysed by Ijyb for 6 turns
   770 | D:3      | Paralysed by Ijyb for 3 turns
   778 | D:3      | Killed Ijyb
   778 | D:3      | Reached XP level 4. HP: 23/42 MP: 4/4
  1320 | D:2      | Found a runed translucent door.
  1321 | D:2      | Noticed Crazy Yiuf
  1381 | D:2      | Killed Crazy Yiuf
  1381 | D:2      | Reached XP level 5. HP: 14/49 MP: 4/4
  1631 | D:3      | Found an iron altar of Okawaru.
  1652 | D:3      | Noticed Sigmund
  1820 | D:3      | Found a shimmering blue altar of Sif Muna.
  1900 | D:3      | Found a radiant altar of Vehumet.
  1987 | D:3      | Killed Sigmund
  1987 | D:3      | Reached XP level 6. HP: 44/57 MP: 3/3
  2327 | D:4      | Found a sparkling altar of Nemelex Xobeh.
  2530 | D:4      | Found a staircase to the Ecumenical Temple.
  2547 | Temple   | Entered the Ecumenical Temple
  2690 | D:5      | Entered Level 5 of the Dungeon
  2780 | D:5      | Reached XP level 7. HP: 45/64 MP: 4/4
  2860 | D:5      | Reached skill level 5 in Armour
  2921 | D:5      | Noticed Prince Ribbit
  2978 | D:5      | Killed Prince Ribbit
  2978 | D:5      | Reached skill level 5 in Shields
  3793 | D:5      | Noticed Pikel
  3819 | D:5      | Killed Pikel
  3819 | D:5      | Reached skill level 5 in Fighting
  3819 | D:5      | Reached skill level 5 in Axes
  3819 | D:5      | Reached XP level 8. HP: 43/74 MP: 5/5
  4009 | D:5      | Reached skill level 5 in Dodging
  4268 | D:6      | Found a hazy altar of Hepliaklqana.
  4271 | D:6      | Found a glowing golden altar of the Shining One.
  4274 | D:6      | Found a shattered altar of Ashenzari.
  4314 | D:6      | Gained mutation: You passively map the area around you.
                  | [Deep Dwarf growth]
  4314 | D:6      | Reached XP level 9. HP: 44/81 MP: 6/6
  4347 | D:6      | Found a blossoming altar of Fedhas.
  4351 | D:6      | Found a stormy altar of Qazlal.
  4513 | D:6      | HP: 4/82 [yak (9)]
  4601 | D:6      | Found Kizupreth's Assorted Antiques.
  4609 | D:6      | Bought a scroll labeled TYFIHU EHIAF for 33 gold pieces
  4609 | D:6      | Bought a scroll labeled CUKUWENIRO for 33 gold pieces
  4609 | D:6      | Bought a scroll labeled PIT ACANGAFE for 33 gold pieces
  4609 | D:6      | Bought a scroll labeled CUKUWENIRO for 33 gold pieces
  4761 | D:7      | Noticed Menkaure
  4773 | D:7      | Killed Menkaure
  5154 | D:7      | Got a steaming marble ring
  5163 | D:7      | Identified the cursed ring of Light {*Slow Str+3 Int-4
                  | Dex+5} (You found it on level 7 of the Dungeon)
  5365 | D:7      | Reached XP level 10. HP: 72/92 MP: 4/4
  5457 | D:7      | Found a hide-covered altar of Uskayaw.
  5571 | D:8      | Found a shimmering altar of Xom.
  5719 | D:8      | Noticed a two-headed ogre
  5728 | D:8      | Killed a two-headed ogre
  6652 | D:9      | Found Dokapru's Food Shoppe.
  6723 | D:9      | Noticed a death yak
  6724 | D:9      | Found a staircase to the Lair.
  6724 | D:9      | Noticed an elephant
  6749 | D:9      | Killed an elephant
  7136 | D:9      | Noticed a two-headed ogre
  7139 | D:9      | Found an iron altar of Okawaru.
  7149 | D:9      | Killed a two-headed ogre
  7149 | D:9      | Reached XP level 11. HP: 52/100 MP: 4/4
  7219 | D:9      | Found a burning altar of Makhleb.
  7219 | D:9      | Noticed a balrug
  7225 | D:9      | Became a worshipper of Makhleb the Destroyer
  7278 | D:9      | Found a shadowy altar of Dithmenos.
  7338 | D:9      | Noticed a two-headed ogre
  7355 | D:9      | Killed a two-headed ogre
  7672 | D:10     | Entered Level 10 of the Dungeon
  7764 | D:10     | Found a glowing silver altar of Zin.
  7929 | D:10     | Noticed a seven-headed hydra
  7969 | D:11     | Got a fine leather armour
  7980 | D:11     | Identified the cursed +1 leather armour of the Circus
                  | Animal {MR+} (You found it on level 11 of the Dungeon)
  8294 | D:11     | Reached * piety under Makhleb
  8360 | D:11     | Found Nuaxicub's Magic Scroll Boutique.
  8363 | D:11     | Found Obej Uka's Weapon Shoppe.
  8373 | D:11     | Bought a scroll of enchant weapon for 112 gold pieces
  8373 | D:11     | Bought a scroll of blinking for 112 gold pieces
  8391 | D:11     | Found Amyfro's Armour Shoppe.
  8457 | D:11     | Found Qavuxeag's Antique Weapon Shop.
  8562 | D:11     | Found a blossoming altar of Fedhas.
  8895 | D:10     | Found a staircase to the Orcish Mines.
  9026 | D:10     | Reached ** piety under Makhleb
  9035 | D:10     | Reached skill level 10 in Shields
  9119 | D:12     | Noticed a white ugly thing
  9139 | D:12     | Noticed a white ugly thing
  9174 | D:11     | Killed a white ugly thing
  9174 | D:11     | Reached skill level 10 in Armour
  9181 | D:11     | HP: 3/104 [troll (12)]
  9226 | D:12     | HP: 1/104 [white ugly thing (13)]
  9230 | D:12     | Annihilated by a white ugly thing

Illustrated notes

Levels and vault maps discovered:
D:1:      eino_arrival_tree_alley, layout_basic, minmay_close_crescents
D:2:      cheibrodos_helix_gallery, layout_rooms, minmay_indecisive_spiral,
          uniq_crazy_yiuf_cottage, uniq_terence
D:3:      layout_basic, lemuel_round_altar, led_sif_pool,
          nicolae_ru_sacrificial_ziggurat, okawaru_metal_pillars_1_2, uniq_ijyb,
          uniq_sigmund
D:4:      layout_basic, lemuel_doored_altar, minmay_temple_entry_overgrown,
          nrook_campfire
D:5:      layout_basic, first_ration, uniq_pikel, uniq_prince_ribbit1
D:6:      layout_rooms, grunt_temple_overflow_forces_of_nature,
          grunt_temple_overflow_diamond, serial_shops, shop
D:7:      layout_rooms, nicolae_overflow_hidden_temple, grunt_livestock,
          minmay_between, uniq_menkaure
D:8:      layout_basic, xom_confusion_cloud
D:9:      layout_loops_cross, makhleb_altar_promises_db, david_lair_generic,
          serial_shops, kennysheep_mini_moat, basic_altar,
          minmay_misc_feat_rugged, minmay_fountain_box, grunt_dithmenos_shadows
D:10:     layout_loops_ring, kennysheep_orc_monster_closet_entryway, basic_altar
D:11:     layout_irregular_city, serial_shops, nicolae_shop_statue_plus, shop,
          shop, nicolae_shop_window_shopping, fedhas_altar_fruit_tree
D:12:     layout_rooms, uniq_frances, uniq_psyche
Temple:   dpeg_three_leaves_temple

Skill      XL: |  1  2  3  4  5  6  7  8  9 10 11 |
---------------+----------------------------------+-----
Dodging        | 1 2 3 4 5 6 8 9 |  9.4
Fighting       | 3 4 5 6 7 8 |  8.5
Axes           | 3 4 5 6 7 8 9 |  9.7
Armour         | 4 6 7 9 10 | 10.0
Shields        | 4 6 7 9 10 | 10.1

Action                   |  1- 3 |  4- 6 |  7- 9 | 10-12 || total
-------------------------+-------+-------+-------+-------++-------
Melee: War axe           |    77 |   153 |   446 |   774 ||  1450
       Unarmed           |       |     8 |       |       ||     8
Throw: Throwing net      |       |     1 |     2 |       ||     3
 Abil: Heal Wounds       |       |     8 |    11 |    15 ||    34
Evoke: Wand              |       |       |     2 |     5 ||     7
  Use: Scroll            |     1 |     1 |     1 |    19 ||    22
       Potion            |       |       |       |     4 ||     4
 Stab: Distracted        |       |     1 |       |       ||     1
       Paralysed         |       |       |    14 |     4 ||    18
       Held in net/web   |       |       |     1 |       ||     1
  Eat: Chunk             |       |     5 |     9 |    14 ||    28
       Ration            |       |       |     1 |       ||     1
Armor: Scale mail        |    35 |    91 |   192 |   166 ||   484
       Leather armour    |       |       |       |    64 ||    64
       Skin              |       |       |       |    12 ||    12
Dodge: Dodged            |    24 |    61 |   144 |   338 ||   567
Block: Kite shield       |    38 |    87 |   233 |   481 ||   839
